 Dungeon Crawl Stone Soup version 0.27-a0-1595-g0b823d0a13 (webtiles) character file.

Game seed: 13406029434126042833

4631 BIGNEWS the Fighter (level 10, -3/128 HPs)
             Began as an Ogre Transmuter on July 20, 2021.
             Was a Priest of Cheibriados.
             Splashed by an acid dragon's acid (5 damage)
             ... on level 9 of the Dungeon.
             The game lasted 00:17:37 (13464 turns).

BIGNEWS the Fighter (Ogre Transmuter)              Turns: 13464, Time: 00:17:38

Health: -3/128     AC:  0    Str: 23    XL:     10   Next: 42%
Magic:  7/15       EV: 12    Int: 24    God:    Cheibriados [***...]
Gold:   464        SH:  0    Dex: 16    Spells: 3/16 levels left

rFire    . . .     SeeInvis .     - Unarmed
rCold    + + .     Faith    .   (shield currently unavailable)
rNeg     . . .     Spirit   .   (armour currently unavailable)
rPois    +         Reflect  .   (helmet currently unavailable)
rElec    .         Harm     .   (cloak currently unavailable)
rCorr    +         Rampage  .   (gloves unavailable)
Will     +....                  (boots unavailable)
Stlth    ++........             (no amulet)
HPRegen  0.31/turn              e - ring of fire
MPRegen  0.14/turn              l - ring of resist corrosion

@: about to teleport, ice-form, marked, corroded, very slow
A: freezing attack, amphibious, boosted hp, large, unfitting armour, (tough skin
1)
a: End Transformation, Renounce Religion, Bend Time, Temporal Distortion


You were on level 9 of the Dungeon.
You worshipped Cheibriados.
Cheibriados was most pleased with you.
You were a creature of crystalline ice.
You visited 2 branches of the dungeon, and saw 10 of its levels.

You collected 464 gold pieces.

Inventory:

Missiles
 i - 2 throwing nets
Armour
 w - a +1 robe of willpower (melded)
Jewellery
 e - a ring of fire (left front paw)
 l - a ring of resist corrosion (right front paw)
 t - a ring of positive energy
Wands
 o - a wand of flame (46)
 y - a wand of iceblast (11)
Scrolls
 b - 2 scrolls of magic mapping
 c - 3 scrolls of teleportation
 f - a scroll of vulnerability {unknown}
 h - 3 scrolls of fear {unknown}
 n - 3 scrolls of immolation {unknown}
 s - a scroll of enchant armour {unknown}
 u - 2 scrolls of amnesia {unknown}
 v - a scroll of enchant weapon
 x - a scroll of noise {unknown}
 z - a scroll of identify
Potions
 a - a potion of heal wounds
 d - a potion of cancellation
 g - a potion of magic
 j - 3 potions of haste {unknown}
 k - 4 potions of lignification {unknown}
 m - 2 potions of brilliance {unknown}
 p - 3 potions of curing
 q - a potion of ambrosia {unknown}
 r - 2 potions of flight {unknown}


   Skills:
 + Level 9.5 Fighting
 + Level 5.2 Dodging
 - Level 3.1 Stealth
 * Level 8.4 Unarmed Combat
 - Level 3.9 Spellcasting
 - Level 3.7 Transmutations
 - Level 2.5 Ice Magic
 - Level 1.2 Poison Magic
 + Level 3.3 Invocations
 - Level 1.8 Evocations


You had 3 spell levels left.
You knew the following spells:

 Your Spells              Type           Power      Damage    Failure   Level
a - Beastly Appendage     Tmut           44%        N/A       2%          1
b - Wereblood             Tmut           22%        N/A       3%          2
c - Spider Form           Tmut/Pois      8%         N/A       11%         3
d - Ice Form              Ice/Tmut       19%        N/A       26%         4
e - Frozen Ramparts       Ice            32%        1d5       11%         3

Your spell library contained the following spells:

 Spells                   Type           Power      Damage    Failure   Level
 Freeze                   Ice            64%        1d8       3%          1
 Foxfire                  Conj/Fire      28%        2x1d5     10%         1
 Magic Dart               Conj           16%        1d3       10%         1
 Searing Ray              Conj           8%         3d3       16%         2
 Ignite Poison            Fire/Tmut/Pois 19%        N/A       16%         3
 Conjure Flame            Conj/Fire      7%         6-21      30%         3
 Inner Flame              Hex/Fire       7%         N/A       30%         3
 Stone Arrow              Conj/Erth      8%         3d7       30%         3
 Summon Guardian Golem    Hex/Summ       4%         N/A       30%         3
 Hailstorm                Conj/Ice       10%        3d5       52%         4
 Animate Armour           Summ/Erth      8%         N/A       69%         4
 Fulminant Prism          Conj/Hex       2%         3d6       69%         4
 Sticky Flame             Conj/Fire      7%         2d3       69%         4
 Malign Gateway           Summ/Tloc      2%         N/A       100%        7
 Orb of Destruction       Conj           2%         9d1       100%        7
 Spellforged Servitor     Conj/Summ      2%         N/A       100%        7
 Lehudib's Crystal Spear  Conj/Erth      2%         10d2      100%        8
 Summon Horrible Things   Summ           2%         N/A       100%        8


Dungeon Overview and Level Annotations

Branches:
Dungeon (9/15)             Temple (1/1) D:4
   Lair: D:8-11         Orc: D:9-12

Altars:
Ashenzari
Cheibriados
Dithmenos
Elyvilon
Hepliaklqana
Makhleb
Nemelex Xobeh
Okawaru
Ru
Sif Muna
Trog
Uskayaw
Vehumet
Wu Jian
Xom
Yredelemnul
Zin
The Shining One

Shops:
D:2 =   D:6 *

Annotations:
D:3 1 runed translucent door, wazuzu's ghost, weakling DsGl
D:6 2 transporters, Xoff's ghost, novice GnFi
D:7 3 runed translucent doors, askman's ghost, novice DsFi
D:9 Harold


Innate Abilities, Weirdness & Mutations

You are a creature of crystalline ice.
You have a powerful freezing melee attack.
You are amphibious.
Your maximum health is increased.
Your armour is entirely melded.
You are incapable of wielding weapons or throwing items.
You are too large for most types of armour.
((You have tough skin. (AC +1)))


Message History

Harold hits you with a +0 dire flail of protection!
The acid dragon bites you!
The acid dragon claws you but does no damage.
You barely miss the acid dragon.
The wall freezes Harold.
Harold hits you with a +0 dire flail of protection!!
The howler monkey zombie closely misses you.
A wight comes into view. It is wielding a +1 falchion.
Unknown command.
You're wearing all the rings you can.
Remove which one? (? for menu, Esc to cancel) < or
t - a ring of positive energy; > or
l - a ring of resist corrosion You remove your ring of positive energy.
The wall freezes Harold.
Harold hits you with a +0 dire flail of protection!
The acid dragon completely misses you. The acid dragon closely misses you.
You feel more attuned to fire.
e - a ring of fire (left front paw)
The howler monkey zombie hits you.
As you read the scroll of teleportation, it crumbles to dust.
You feel strangely unstable.
The wall freezes Harold.
Harold hits you with a +0 dire flail of protection!!
* * * LOW HITPOINT WARNING * * *
The acid dragon barely misses you. The acid dragon claws you.
* * * LOW HITPOINT WARNING * * *
Unknown command.
Your frozen ramparts will break if you move.
Continue?
The frozen ramparts melt away as you move.
A wight comes into view. It is wielding a +2 great sword.
Harold hits you with a +0 dire flail of protection!
* * * LOW HITPOINT WARNING * * *
The acid dragon spits acid at you. The splash of acid hits you. You resist.
* * * LOW HITPOINT WARNING * * *
The acid corrodes you!
You are splashed with acid!
You resist.
* * * LOW HITPOINT WARNING * * *
The acid dragon spits acid at you. The splash of acid hits you. You resist.
* * * LOW HITPOINT WARNING * * *
You are splashed with acid.
You resist.
You die...

#..>...# #.#####.
#)...#.# #.# #.
#....#.# #.# #.
#....#.# ..# #.
#....#.# ### . ...
#....#.## #### . ##...
#$......# ..... . .
..#########...#+#.....
# #...........Y.z.####
# #.........#+#@D..z.#
# #.........# #Z..##.#
#####.........+ #...#
...##.........# #...#
.#.####.####### #...#
.#.####.# #...#
##......# #...#
######## #...#


You could see Harold, an acid dragon (slow, catching breath), 2 wights and a
howler monkey zombie (slow).

Vanquished Creatures
  5 yaks (D:8)
  A vampire (D:9)
  Sigmund (D:2)
  A wyvern (D:6)
  A water moccasin (D:9)
  2 ice beasts (D:6)
  2 sky beasts
  A necrophage (D:6)
  3 orc warriors
  An ogre (D:4)
  2 phantoms
  3 centaurs
  A kobold brigand (D:8)
  3 bullfrogs
  A gnoll sergeant (D:6)
  3 scorpions
  3 killer bees (D:8)
  3 wights
  A howler monkey (D:7)
  3 jellies
  7 orc priests
  4 hounds
  2 bullfrog skeletons
  Terence (D:2)
  4 iguanas
  8 orc wizards
  A killer bee zombie (D:8)
  A hound skeleton (D:5)
  A howler monkey zombie (D:8)
  7 gnolls
  12 adders
  5 white imps
  3 ufetubi (D:6)
  2 adder zombies (D:5)
  2 adder skeletons
  A worm (D:5)
  A dart slug (D:5)
  29 orcs
  15 ball pythons
  8 endoplasms
  2 giant cockroaches
  9 hobgoblins
  7 jackals
  9 kobolds
  2 quokkas
  8 bats
  A frilled lizard (D:1)
  6 goblins
  A quokka skeleton (D:4)
  4 rats
204 creatures vanquished.

Vanquished Creatures (collateral kills)
  The ghost of wakim the Bolt Thrower, an amateur MiHu (D:4)
1 creature vanquished.

Grand Total: 205 creatures vanquished

Notes
Turn   | Place    | Note
-------+----------+-------------------------------------------
     0 | D:1      | BIGNEWS the Ogre Transmuter began the quest for the Orb.
     0 | D:1      | Reached XP level 1. HP: 19/19 MP: 3/3
   226 | D:1      | Reached skill level 2 in Fighting
   563 | D:1      | Reached XP level 2. HP: 29/29 MP: 1/5
   566 | D:1      | Learned a level 2 spell: Wereblood
   619 | D:1      | Reached skill level 3 in Fighting
   896 | D:1      | Found a faded altar of an unknown god.
   936 | D:1      | Reached XP level 3. HP: 28/39 MP: 3/6
  1018 | D:1      | Learned a level 3 spell: Spider Form
  1259 | D:2      | Reached skill level 4 in Fighting
  1430 | D:2      | Noticed Sigmund
  1564 | D:2      | Found Pugeq's Jewellery Boutique.
  1687 | D:2      | Noticed Terence
  1701 | D:2      | Killed Terence
  1702 | D:2      | Reached skill level 1 in Poison Magic
  1702 | D:2      | Reached XP level 4. HP: 35/49 MP: 1/7
  1828 | D:2      | Reached skill level 5 in Fighting
  2319 | D:2      | Killed Sigmund
  2320 | D:2      | Reached XP level 5. HP: 41/57 MP: 5/10
  2320 | D:2      | Reached XP level 6. HP: 48/66 MP: 5/11
  3345 | D:3      | Found a runed translucent door.
  3348 | D:3      | Noticed wazuzu's ghost (weakling DsGl)
  3400 | D:3      | Learned a level 3 spell: Frozen Ramparts
  3414 | D:3      | Found a radiant altar of Vehumet.
  3737 | D:3      | Found a hazy altar of Hepliaklqana.
  4183 | D:4      | Found a runed translucent door.
  4275 | D:4      | Reached XP level 7. HP: 69/74 MP: 7/12
  4323 | D:4      | Reached skill level 6 in Fighting
  4933 | D:4      | Found a staircase to the Ecumenical Temple.
  5020 | Temple   | Entered the Ecumenical Temple
  5387 | D:4      | Noticed wakim's ghost (amateur MiHu)
  5896 | D:4      | Killed wakim's ghost
  5897 | D:4      | Reached skill level 5 in Unarmed Combat
  6036 | D:5      | Entered Level 5 of the Dungeon
  6349 | D:4      | Reached XP level 8. HP: 53/84 MP: 5/13
  6488 | D:5      | Reached skill level 7 in Fighting
  7021 | D:5      | Found a snail-covered altar of Cheibriados.
  7052 | D:5      | Found an iron altar of Okawaru.
  7431 | D:5      | Became a worshipper of Cheibriados the Contemplative
  8013 | D:6      | Found a transporter.
  8017 | D:6      | Noticed a shadow
  8068 | D:6      | Reached skill level 1 in Stealth
  8201 | D:6      | Noticed a shadow
  8203 | D:6      | Noticed Xoff's ghost (novice GnFi)
  8204 | D:6      | Found a transporter.
  8340 | D:6      | Reached skill level 8 in Fighting
  8361 | D:6      | Reached XP level 9. HP: 74/96 MP: 6/14
  8454 | D:6      | Learned a level 4 spell: Ice Form
  8645 | D:6      | Found a shadowy altar of Dithmenos.
  8669 | D:6      | Found a glowing silver altar of Zin.
  8669 | D:6      | Found Zin's Purification Station.
  8748 | D:6      | Found a bloodstained altar of Trog.
  8858 | D:6      | Reached * piety under Cheibriados
  8865 | D:6      | Reached skill level 1 in Ice Magic
  9891 | D:7      | Reached skill level 1 in Invocations
  9896 | D:6      | Reached ** piety under Cheibriados
 10085 | D:7      | Reached skill level 1 in Evocations
 10450 | D:7      | Found a runed translucent gate.
 10450 | D:7      | Found a runed translucent gate.
 10450 | D:7      | Found a runed translucent gate.
 10450 | D:7      | Noticed askman's ghost (novice DsFi)
 10906 | D:7      | HP: 2/93 [wight (5)]
 11682 | D:8      | Reached skill level 9 in Fighting
 11763 | D:8      | Reached XP level 10. HP: 88/107 MP: 8/15
 12460 | D:7      | Found a shimmering blue altar of Sif Muna.
 12572 | D:9      | Reached skill level 5 in Dodging
 12782 | D:9      | Reached *** piety under Cheibriados
 13116 | D:9      | Found a broken altar of Ashenzari.
 13454 | D:9      | Noticed Harold
 13463 | D:9      | HP: 5/128 [acid (9)]
 13464 | D:9      | HP: 2/128 [acid dragon/splash of acid (4)]
 13464 | D:9      | Splashed by an acid dragon's acid

Illustrated notes

Levels and vault maps discovered:
D:1:      evilmike_arrival_fibonacci_small, layout_basic,
          hellmonk_ecumenical_altar_zigzags, minmay_misc_feat_square,
          chequers_serial_rivers_large_a
D:2:      layout_loops_ring, serial_shops, shop, roderic_lattice_a, st_stairs_1,
          mrwooster_statue_mirror, dk_noncrumbling_3, minmay_snake_closets,
          uniq_sigmund, uniq_terence
D:3:      layout_basic, marbit_many_paths, lemuel_coloured_pillars_altar,
          ebering_ghost_reflecting_pool
D:4:      layout_rooms, minmay_temple_entry_enclosed_plants,
          ebering_ghost_reflecting_pool
D:5:      layout_rooms, mainiacjoe_overflow_two_lobes, minmay_small_thing
D:6:      layout_basic, zin_purify, mainiacjoe_overflow_boulevard,
          lemuel_crystal_altar, nicolae_ossuary_entry_monument,
          gammafunk_ghost_arena, minivault_26
D:7:      layout_rooms, nicolae_overflow_hidden_temple,
          gammafunk_ghost_necromancy
D:8:      layout_cave_pools
D:9:      layout_basic, cheibrodos_ashenzari_chains, uniq_harold
Temple:   compressed_dpeg_triangle_lava_temple

Skill      XL: |  1  2  3  4  5  6  7  8  9 10 |
---------------+-------------------------------+-----
Fighting       | 2 3 4 5 6 8 9 |  9.5
Poison Magic   | 1 |  1.2
Spellcasting   | 3 |  3.9
Transmutations | 3 |  3.7
Unarmed Combat | 4 5 6 7 8 |  8.4
Dodging        | 2 4 5 |  5.2
Stealth        | 1 2 3 |  3.1
Ice Magic      | 2 |  2.5
Invocations    | 2 3 |  3.3
Evocations     | 1 |  1.8

Action                   |  1- 3 |  4- 6 |  7- 9 | 10-12 || total
-------------------------+-------+-------+-------+-------++-------
Melee: Unarmed           |   124 |   142 |   332 |    64 ||   662
       Headbutt          |    10 |     4 |       |       ||    14
       Kick              |    17 |     6 |       |       ||    23
 Cast: Beastly Appendage |    24 |    14 |     3 |       ||    41
       Wereblood         |     9 |     6 |    17 |     3 ||    35
       Spider Form       |     1 |     9 |    42 |     5 ||    57
       Ice Form          |       |       |     3 |     6 ||     9
       Frozen Ramparts   |       |       |     2 |     4 ||     6
Invok: Bend Time         |       |       |     1 |     1 ||     2
 Abil: End Transformatio |       |     1 |     3 |       ||     4
  Use: Scroll            |     3 |     1 |     5 |     1 ||    10
       Potion            |       |       |     2 |       ||     2
 Stab: Sleeping          |       |     1 |       |       ||     1
Armor: Robe              |    36 |    26 |     4 |     1 ||    67
       Skin              |       |     2 |    17 |    16 ||    35
Dodge: Dodged            |    60 |    93 |   352 |    43 ||   548

Table legend: (Time is in decaauts)
 A = Elapsed time spent in this place.
 B = Non-inter-level travel time spent in this place.
 C = Inter-level travel time spent in this place.
 D = Time resting spent in this place.
 E = Time spent auto-exploring this place.
 F = Levels seen in this place.
 G = Mean time per level.
                   A        B        C        D        E       F      G
               +--------+--------+--------+--------+--------+-----+--------+
         Total |  14296 |  14005 |    291 |   5186 |   6765 |  10 | 1429.6 |
       Dungeon |  14051 |  13765 |    286 |   5186 |   6527 |   9 | 1561.2 |
        Temple |    244 |    239 |      5 |      0 |    238 |   1 |  244.0 |
               +--------+--------+--------+--------+--------+-----+--------+

Top non-repeatable levels by time:
     D:6: 2809 daAuts
     D:4: 1948 daAuts
     D:2: 1925 daAuts
     D:7: 1419 daAuts
     D:3: 1345 daAuts
     D:1: 1227 daAuts
     D:9: 1166 daAuts
     D:8: 1151 daAuts
     D:5: 1057 daAuts
  Temple: 244 daAuts
